AoeStats
← tavoo

Golden Pit

507126035Analyzed
1v1 RM · 17d ago on Sep 16, 2026· 47m 48s· 2 players
Game mode
Random Map
Map size
Tiny (2 player)
Population
200
Speed
Normal
Resources
Standard
Victory
Conquest
Starting age
Dark Age
Ending age
Imperial Age
RankedLock teamsTeams togetherTeam positionsShared explorationLock speedFull tech treeHidden civsTurbo modeCheats
Victory
Defeat
🇲🇽 Armenians · Mexico
1439
+14
🇪🇸 Franks · Spain
1395
-14
tavoo
7:05 Loom
9:53 Feudal Age
10:07 Man-at-Arms
11:11 Double-Bit Axe
15:16 Long Swordsman
16:33 Scale Mail Armor
20:55 Castle Age
20:18 Forging
20:04 Stone Mining
20:39 Gold Mining
20:46 Horse Collar
21:25 Scale Barding Armor
28:41 Wheelbarrow
28:18 Fletching
31:23 Bodkin Arrow
34:07 Gold Shaft Mining
33:56 Padded Archer Armor
35:24 Leather Archer Armor
40:43 Imperial Age
38:35 Bow Saw
41:23 Hand Cart
42:41 Ballistics
42:26 Bracer
43:30 Town Watch
45:21 Chemistry
44:53 Ring Archer Armor
43:46 Elite Composite Bowman
nach21
6:18 Loom
6:23 Loom
9:49 Feudal Age
10:51 Double-Bit Axe
18:29 Town Watch
24:13 Castle Age
23:03 Fletching
29:59 Forging
34:41 Wheelbarrow
34:56 Scale Barding Armor
35:25 Scale Mail Armor
35:30 Husbandry
41:03 Imperial Age
39:51 #83
44:18 Light Cavalry
46:17 Chain Barding Armor
Connection lost

Rejoining the realm…

Still unreachable

The connection could not be restored.

Session expired

The server has moved on; the page needs a fresh start.